APP
BURLINGTON ROYALS @ OAKLAND (APP) ATHLETICS
09/19/2048
 
TOP OF THE 1ST
Burlington Royals batting - Pitching for Oakland (APP) Athletics : RHP Bill McAskill
Pitching: RHP Bill McAskill
Batting: RHB Shura Mogilny 0-0: Called Strike
0-1: Ball
1-1: Called Strike
1-2: Fly out, F8 (Flyball, 78D, EV 87.5 MPH)
Batting: RHB David Rubio 0-0: Ball
1-0: Ball
2-0: Foul Ball, location: 2F
2-1: Foul Ball, location: 2F
2-2: Fly out, F7 (Flyball, 7, EV 91.2 MPH)
Batting: RHB Hugo Chavez 0-0: Called Strike
0-1: Ground out 5-3 (Groundball, 5, EV 86.2 MPH)
Top of the 1st over - 0 runs, 0 hits, 0 errors, 0 left on base; Burlington 0 - Oakland (APP) 0
BOTTOM OF THE 1ST
Oakland (APP) Athletics batting - Pitching for Burlington Royals : RHP Paul Gibbens
Pitching: RHP Paul Gibbens
Batting: RHB Rafael Alarcon 0-0: Foul Ball, location: 2F
0-1: Ball
1-1: Swinging Strike
1-2: Ball
2-2: Strikes out swinging
Batting: RHB Gabe Secundino 0-0: Ball
1-0: SINGLE (Line Drive, 9LS, EV 106.2 MPH)
Batting: LHB Alejandro Muniz 0-0: Ball
1-0: Swinging Strike
1-1: Foul Ball, location: 2F
1-2: Ball
2-2: Strikes out swinging
Batting: LHB Roscoe Romaine 0-0: Ball
Wild Pitch!
Gabe Secundino to second
1-0: Ball
2-0: Ball
3-0: Called Strike
3-1: DOUBLE (Line Drive, 9LM, EV 106.2 MPH)
Gabe Secundino scores
Batting: RHB Ryan Jennings 0-0: Swinging Strike
0-1: Ball
1-1: Swinging Strike
1-2: Ball
2-2: Ball
3-2: Foul Ball, location: 2F
3-2: Base on Balls
Batting: RHB Rusty Prodoehl 0-0: Swinging Strike
0-1: Ball
1-1: Foul Ball, location: 2F
1-2: Strikes out looking
Bottom of the 1st over - 1 run, 2 hits, 0 errors, 2 left on base; Burlington 0 - Oakland (APP) 1
TOP OF THE 2ND
Burlington Royals batting - Pitching for Oakland (APP) Athletics : RHP Bill McAskill
Batting: SHB Alex Cavazos 0-0: Ball
1-0: Foul Ball, location: 2F
1-1: Called Strike
1-2: Ball
2-2: Ball
3-2: DOUBLE (Line Drive, 89XD, EV 104.4 MPH)
Batting: RHB Tim Williams 0-0: Called Strike
0-1: Ground out 5-3 (Groundball, 56, EV 101.2 MPH)
Batting: LHB Jayden Pelayo 0-0: SINGLE (Line Drive, 7S, EV 108.8 MPH)
Alex Cavazos to third
Batting: RHB Masakuni Takeuchi 0-0: Ball
1-0: Ball
2-0: Ball
3-0: Called Strike
3-1: Swinging Strike
3-2: Base on Balls
Jayden Pelayo to second
Batting: RHB Juan Nieves 0-0: Grounds into fielders choice 1-2 (Groundball, 13S, EV 66.2 MPH)
Jayden Pelayo to third
Masakuni Takeuchi to second
Batting: RHB Jason Conner 0-0: Swinging Strike
0-1: Ball
1-1: Swinging Strike
1-2: Strikes out swinging
Top of the 2nd over - 0 runs, 2 hits, 0 errors, 3 left on base; Burlington 0 - Oakland (APP) 1
BOTTOM OF THE 2ND
Oakland (APP) Athletics batting - Pitching for Burlington Royals : RHP Paul Gibbens
Batting: RHB Ricardo Claros 0-0: Ball
1-0: Ball
2-0: Called Strike
2-1: Ball
3-1: Base on Balls
Batting: RHB Phoctor Dill 0-0: Reached on error, E4 (Groundball, 4M, EV 85.6 MPH)
Ricardo Claros to second
Batting: LHB Bill Helmer 0-0: Ball
1-0: Foul Ball, location: 2F
1-1: Ball
2-1: Ball
3-1: Swinging Strike
3-2: Base on Balls
Ricardo Claros to third
Phoctor Dill to second
Batting: RHB Rafael Alarcon 0-0: Ball
1-0: Ball
2-0: Ball
3-0: Base on Balls
Ricardo Claros scores
Phoctor Dill to third
Bill Helmer to second
Batting: RHB Gabe Secundino 0-0: Called Strike
0-1: Swinging Strike
0-2: Strikes out looking
Batting: LHB Alejandro Muniz 0-0: Ball
1-0: Called Strike
1-1: SINGLE (Groundball, 56D, EV 99.4 MPH)
Phoctor Dill scores
Bill Helmer to third
Rafael Alarcon to second
Batting: LHB Roscoe Romaine 0-0: Grounds into double play, 4-6-3 (Groundball, 4, EV 79.4 MPH)
Bottom of the 2nd over - 2 runs, 1 hit, 1 error, 2 left on base; Burlington 0 - Oakland (APP) 3
TOP OF THE 3RD
Burlington Royals batting - Pitching for Oakland (APP) Athletics : RHP Bill McAskill
Batting: RHB Shura Mogilny 0-0: Ground out 5-3 (Groundball, 56S, EV 91.9 MPH)
Batting: RHB David Rubio 0-0: Swinging Strike
0-1: Ball
1-1: Ball
2-1: Ball
3-1: Base on Balls
Batting: RHB Hugo Chavez 0-0: Ball
1-0: Ball
2-0: Foul Ball, location: 2F
2-1: Foul Ball, location: 2F
2-2: Fly out, F8 (Flyball, 89M, EV 81.9 MPH)
Pitching: RHP Quincy Potvin
Batting: SHB Alex Cavazos 0-0: Ball
1-0: Ball
2-0: Called Strike
2-1: Fly out, F7 (Line Drive, 7, EV 98.1 MPH)
Top of the 3rd over - 0 runs, 0 hits, 0 errors, 1 left on base; Burlington 0 - Oakland (APP) 3
BOTTOM OF THE 3RD
Oakland (APP) Athletics batting - Pitching for Burlington Royals : RHP Paul Gibbens
Batting: RHB Ryan Jennings 0-0: SOLO HOME RUN (Flyball, 7D, EV 95.6 MPH), Distance : 372 ft
Batting: RHB Rusty Prodoehl 0-0: Ball
1-0: Ball
2-0: Ball
3-0: Called Strike
3-1: Base on Balls
Batting: RHB Ricardo Claros 0-0: Ball
1-0: Ball
2-0: Ball
3-0: Called Strike
3-1: Foul Ball, location: 2F
3-2: Base on Balls
Rusty Prodoehl to second
Batting: RHB Phoctor Dill 0-0: SINGLE (Groundball, 5L, EV 105.6 MPH) (infield hit)
Rusty Prodoehl to third
Ricardo Claros to second
Batting: LHB Bill Helmer 0-0: DOUBLE (Groundball, 3L, EV 105.0 MPH)
Rusty Prodoehl scores
Ricardo Claros scores
Phoctor Dill to third
Pitching: RHP Alex Rivas
Batting: RHB Rafael Alarcon 0-0: Called Strike
0-1: Foul Ball, location: 2F
0-2: Ball
1-2: Foul Ball, location: 2F
1-2: Ball
2-2: Ground out 5-3 (Groundball, 5D, EV 109.4 MPH)
Phoctor Dill scores
Batting: RHB Gabe Secundino 0-0: Foul Ball, location: 2F
0-1: Ball
1-1: Swinging Strike
1-2: Foul Ball, location: 2F
1-2: Foul Ball, location: 2F
1-2: Strikes out looking
Batting: LHB Alejandro Muniz 0-0: Ball
1-0: Ground out U3 (Groundball, 34, EV 108.1 MPH)
Bottom of the 3rd over - 4 runs, 3 hits, 0 errors, 1 left on base; Burlington 0 - Oakland (APP) 7
TOP OF THE 4TH
Burlington Royals batting - Pitching for Oakland (APP) Athletics : RHP Quincy Potvin
Batting: RHB Tim Williams 0-0: Ball
1-0: Ball
2-0: Ball
3-0: Called Strike
3-1: Base on Balls
Batting: LHB Jayden Pelayo 0-0: Ball
1-0: Called Strike
1-1: DOUBLE (Flyball, 78XD, EV 115.6 MPH)
Tim Williams to third
Batting: RHB Masakuni Takeuchi 0-0: Called Strike
0-1: Called Strike
0-2: Ball
1-2: Strikes out swinging
Batting: RHB Juan Nieves 0-0: Called Strike
0-1: Ball
1-1: Ball
2-1: Fly out, F7 (Line Drive, 7D, EV 105.0 MPH)
Runner from 3rd tags up, SCORES, no throw by LF
Batting: RHB Jason Conner 0-0: Ball
1-0: Ball
2-0: Ground out 5-3 (Groundball, 56, EV 110.0 MPH)
Top of the 4th over - 1 run, 1 hit, 0 errors, 1 left on base; Burlington 1 - Oakland (APP) 7
BOTTOM OF THE 4TH
Oakland (APP) Athletics batting - Pitching for Burlington Royals : RHP Alex Rivas
Batting: LHB Roscoe Romaine 0-0: Called Strike
0-1: Ball
1-1: Foul Ball, location: 2F
1-2: Ball
2-2: Ground out 4-3 (Groundball, 4, EV 88.1 MPH)
Batting: RHB Ryan Jennings 0-0: Swinging Strike
0-1: Foul Ball, location: 2F
0-2: Ball
1-2: Foul Ball, location: 2F
1-2: Ball
2-2: Foul Ball, location: 2F
2-2: Strikes out swinging
Batting: RHB Rusty Prodoehl 0-0: Foul Ball, location: 2F
0-1: Foul Ball, location: 2F
0-2: Foul Ball, location: 2F
0-2: Ball
1-2: Ground out 6-3 (Groundball, 6, EV 81.2 MPH)
Bottom of the 4th over - 0 runs, 0 hits, 0 errors, 0 left on base; Burlington 1 - Oakland (APP) 7
TOP OF THE 5TH
Burlington Royals batting - Pitching for Oakland (APP) Athletics : RHP Quincy Potvin
Batting: RHB Shura Mogilny 0-0: Fly out, F7 (Flyball, 78D, EV 89.4 MPH)
Batting: RHB David Rubio 0-0: Fly out, F8 (Flyball, 8RD, EV 98.1 MPH)
Batting: RHB Hugo Chavez 0-0: Ground out 5-3 (Groundball, 56S, EV 85.6 MPH)
Top of the 5th over - 0 runs, 0 hits, 0 errors, 0 left on base; Burlington 1 - Oakland (APP) 7
BOTTOM OF THE 5TH
Oakland (APP) Athletics batting - Pitching for Burlington Royals : RHP Alex Rivas
Batting: RHB Ricardo Claros 0-0: Called Strike
0-1: Ball
1-1: Ball
2-1: Ball
3-1: SINGLE (Groundball, 6M, EV 79.4 MPH) (infield hit)
Batting: RHB Phoctor Dill 0-0: Ball
1-0: Foul Ball, location: 2F
1-1: Ball
2-1: Swinging Strike
2-2: Ball
3-2: Base on Balls
Ricardo Claros to second
Batting: LHB Bill Helmer 0-0: SINGLE (Groundball, 6MD, EV 103.1 MPH)
Ricardo Claros to third
Phoctor Dill to second
Runner from 3rd tries for Home, SAFE, throw by CF to home
Batting: RHB Rafael Alarcon 0-0: Foul Ball, location: 2F
0-1: Fielders Choice at 2nd, 4-6 (Groundball, 4, EV 108.1 MPH)
Phoctor Dill to third
Batting: RHB Gabe Secundino 0-0: Called Strike
0-1: Foul Ball, location: 2F
0-2: Strikes out swinging
Pitching: LHP Ken Milhouse
Batting: LHB Alejandro Muniz 0-0: Swinging Strike
0-1: Ball
1-1: Ball
Wild Pitch!
Phoctor Dill scores
Rafael Alarcon to second
2-1: Ball
3-1: Base on Balls
Batting: LHB Roscoe Romaine 0-0: Ball
1-0: Called Strike
1-1: Ball
2-1: Ball
3-1: Called Strike
3-2: Base on Balls
Rafael Alarcon to third
Alejandro Muniz to second
Batting: RHB Ryan Jennings 0-0: Called Strike
0-1: Foul Ball, location: 2F
0-2: Foul Ball, location: 2F
0-2: Strikes out swinging
Bottom of the 5th over - 2 runs, 2 hits, 0 errors, 3 left on base; Burlington 1 - Oakland (APP) 9
TOP OF THE 6TH
Burlington Royals batting - Pitching for Oakland (APP) Athletics : RHP Quincy Potvin
Batting: SHB Alex Cavazos 0-0: Ball
1-0: Ball
2-0: Ground out U3 (Groundball, 34, EV 90.6 MPH)
Batting: RHB Tim Williams 0-0: Called Strike
0-1: Ball
1-1: Ball
2-1: Ball
3-1: Hit by Pitch
Pitching: RHP Albie Cisneros
Batting: LHB Jayden Pelayo 0-0: Fielders Choice at 2nd, 3-6 (Groundball, 34, EV 80.6 MPH)
Batting: RHB Masakuni Takeuchi 0-0: Fielders Choice at 2nd, 5-4 (Groundball, 56, EV 102.5 MPH)
Top of the 6th over - 0 runs, 0 hits, 0 errors, 1 left on base; Burlington 1 - Oakland (APP) 9
BOTTOM OF THE 6TH
Oakland (APP) Athletics batting - Pitching for Burlington Royals : LHP Ken Milhouse
Batting: RHB Rusty Prodoehl 0-0: Foul Ball, location: 2F
0-1: Swinging Strike
0-2: Strikes out swinging
Batting: RHB Ricardo Claros 0-0: Called Strike
0-1: Foul Ball, location: 2F
0-2: Ball
1-2: DOUBLE (Line Drive, 89M, EV 86.2 MPH)
Batting: RHB Phoctor Dill 0-0: Called Strike
0-1: Foul Ball, location: 2F
0-2: Fly out, F9 (Flyball, 9LSF, EV 85.6 MPH)
Batting: LHB Bill Helmer 0-0: Foul Ball, location: 2F
0-1: Ball
Wild Pitch!
Ricardo Claros to third
1-1: Swinging Strike
1-2: Foul Ball, location: 2F
1-2: Ball
2-2: Strikes out swinging
Bottom of the 6th over - 0 runs, 1 hit, 0 errors, 1 left on base; Burlington 1 - Oakland (APP) 9
TOP OF THE 7TH
Burlington Royals batting - Pitching for Oakland (APP) Athletics : RHP Albie Cisneros
Pinch Hitting: RHB Angel Melendez 0-0: Called Strike
0-1: Called Strike
0-2: Strikes out looking
Batting: RHB Jason Conner 0-0: Called Strike
0-1: Ball
1-1: Ground out 5-3 (Groundball, 56S, EV 85.0 MPH)
Pinch Hitting: SHB Glenn Harrison 0-0: Ball
1-0: Called Strike
1-1: Ball
2-1: Called Strike
2-2: Ball
3-2: Base on Balls
Batting: RHB David Rubio 0-0: Called Strike
0-1: Ball
Wild Pitch!
Glenn Harrison to second
1-1: Ball
2-1: Foul Ball, location: 2F
2-2: Ball
3-2: Ground out 6-3 (Groundball, 6, EV 101.2 MPH)
Top of the 7th over - 0 runs, 0 hits, 0 errors, 1 left on base; Burlington 1 - Oakland (APP) 9
BOTTOM OF THE 7TH
Oakland (APP) Athletics batting - Pitching for Burlington Royals : LHP Ken Milhouse
Now at 2B: Angel Melendez
Now at 3B: Jason Conner
Now in CF: Glenn Harrison
Batting: RHB Rafael Alarcon 0-0: Ball
1-0: Called Strike
1-1: Ball
2-1: Ball
3-1: Base on Balls
Batting: RHB Gabe Secundino 0-0: Called Strike
0-1: Foul Ball, location: 2F
0-2: Fly out, F4 (Popup, 34, EV 63.8 MPH)
Batting: LHB Alejandro Muniz 0-0: Called Strike
0-1: Ball
1-1: Foul Ball, location: 2F
1-2: Fly out, F7 (Line Drive, 7D, EV 91.2 MPH)
Batting: LHB Roscoe Romaine 0-0: Ball
1-0: Ball
2-0: Ball
3-0: Base on Balls
Rafael Alarcon to second
Batting: RHB Ryan Jennings 0-0: Foul Ball, location: 2F
0-1: Ball
1-1: Ball
2-1: Ball
3-1: Fielders Choice at 2nd, 6-4 (Groundball, 6, EV 86.9 MPH)
Bottom of the 7th over - 0 runs, 0 hits, 0 errors, 2 left on base; Burlington 1 - Oakland (APP) 9
TOP OF THE 8TH
Burlington Royals batting - Pitching for Oakland (APP) Athletics : RHP Albie Cisneros
Pinch Hitting: RHB Carlos Castillo 0-0: Ball
1-0: Ball
2-0: Swinging Strike
2-1: Ball
3-1: Foul Ball, location: 2F
3-2: Strikes out swinging
Pitching: RHP Joey Patrick
Batting: SHB Alex Cavazos 0-0: Called Strike
0-1: Foul Ball, location: 2F
0-2: Ground out 3-1 (Groundball, 34, EV 105.0 MPH)
Batting: RHB Tim Williams 0-0: Foul Ball, location: 2F
0-1: Ball
1-1: Swinging Strike
1-2: Foul Ball, location: 2F
1-2: Strikes out swinging
Top of the 8th over - 0 runs, 0 hits, 0 errors, 0 left on base; Burlington 1 - Oakland (APP) 9
BOTTOM OF THE 8TH
Oakland (APP) Athletics batting - Pitching for Burlington Royals : LHP Ken Milhouse
Pitching: RHP Victor Maravilla
Now at 1B: Carlos Castillo
Batting: RHB Rusty Prodoehl 0-0: Called Strike
0-1: Foul Ball, location: 2F
0-2: Foul Ball, location: 2F
0-2: Strikes out looking
Batting: RHB Ricardo Claros 0-0: Swinging Strike
0-1: Swinging Strike
0-2: Ball
1-2: Foul Ball, location: 2F
1-2: Ball
2-2: Ground out 6-3 (Groundball, 6, EV 100.0 MPH)
Batting: RHB Phoctor Dill 0-0: Foul Ball, location: 2F
0-1: Swinging Strike
0-2: Strikes out swinging
Bottom of the 8th over - 0 runs, 0 hits, 0 errors, 0 left on base; Burlington 1 - Oakland (APP) 9
TOP OF THE 9TH
Burlington Royals batting - Pitching for Oakland (APP) Athletics : RHP Joey Patrick
Batting: LHB Jayden Pelayo 0-0: Ball
1-0: Called Strike
1-1: Foul Ball, location: 2F
1-2: Ball
2-2: Ground out 6-3 (Groundball, 6M, EV 100.6 MPH)
Batting: RHB Masakuni Takeuchi 0-0: Called Strike
0-1: Foul Ball, location: 2F
0-2: Strikes out looking
Pinch Hitting: RHB Dermott Ayliffe 0-0: Ball
1-0: Foul Ball, location: 2F
1-1: Foul Ball, location: 2F
1-2: Foul Ball, location: 2F
1-2: Strikes out swinging
Top of the 9th over - 0 runs, 0 hits, 0 errors, 0 left on base; Burlington 1 - Oakland (APP) 9
Tuesday, March 28th , 2023 - OOTP Baseball 23.10 Build 110